 Dungeon Crawl Stone Soup version 0.20-a0-700-gbd4582c (webtiles) character file.

128 Alarkh the Magician (level 4, -9/30 HPs)
             Began as a Mummy Fire Elementalist on Feb 20, 2017.
             Killed by divine providence
             ... invoked by an orc priest
              (14 damage)
             ... on level 3 of the Dungeon.
             The game lasted 00:04:10 (2464 turns).

Alarkh the Magician (Mummy Fire Elementalist)       Turns: 2464, Time: 00:04:10

Health: -9/30      AC:  3    Str: 11    XL:     4   Next: 86%
Magic:  4/10       EV: 12    Int: 15    God:
Gold:   135        SH:  0    Dex: 12    Spells: 4/11 levels left

rFire    x . .     SeeInvis .   a - +0 spear
rCold    + . .     Gourm    .   c - +0 robe
rNeg     + + +     Faith    .   (no shield)
rPois    ∞         Spirit   .   (no helmet)
rElec    .         Reflect  .   (no cloak)
rCorr    .         Harm     .   f - +0 pair of gloves
MR       .....                  (no boots)
Stlth    ++........             (no amulet)
Regen    0.1/turn               (no ring)
MPRegen  0.2/turn               h - ring of wizardry

@: no status effects
A: no food or potions, fire vulnerability, cold resistance 1, negative energy
resistance 3, torment resistance, unbreathing
a: no special abilities


You were on level 3 of the Dungeon.
You were not hungry.

You visited 1 branch of the dungeon, and saw 3 of its levels.

You collected 135 gold pieces.

Inventory:

Hand Weapons
 a - a +0 spear (weapon)
 l - a -3 mace
Armour
 c - a +0 robe (worn)
 f - a +0 pair of gloves (worn)
Jewellery
 h - a ring of wizardry (left hand)
Wands
 j - a wand of flame (31/48)
Scrolls
 d - a scroll of noise {unknown}
 e - 2 scrolls of amnesia
 g - a scroll of remove curse
 i - a scroll of fear {unknown}
 k - a scroll of immolation {unknown}
 m - a scroll of teleportation {unknown}
 n - a scroll of enchant armour {unknown}
 o - a scroll of identify {unknown}
 p - a scroll of blinking {unknown}
Books
 b - a book of Flames

   Spells                             Type                      Level
   a - Flame Tongue                   Conjuration/Fire             1
   b - Throw Flame                    Conjuration/Fire             2
   c - Conjure Flame                  Conjuration/Fire             3
   d - Inner Flame                    Hexes/Fire                   3
   e - Sticky Flame                   Conjuration/Fire             4
   f - Fireball                       Conjuration/Fire             5


   Skills:
 - Level 1.5 Dodging
 - Level 1.5 Stealth
 + Level 4.2 Spellcasting
 + Level 2.3 Conjurations
 + Level 3.3 Fire Magic


You had 4 spell levels left.
You knew the following spells:

 Your Spells              Type           Power        Failure   Level  Hunger
a - Flame Tongue          Conj/Fire      ##...        3%          1    N/A
e - Conjure Flame         Conj/Fire      ##......     9%          3    N/A
r - Inner Flame           Hex/Fire       #.......     12%         3    N/A

Dungeon Overview and Level Annotations

Branches:
Dungeon (3/15)

Altars:


Innate Abilities, Weirdness & Mutations

You do not eat or drink.
Your flesh is vulnerable to fire.
You are immune to poison.
Your flesh is cold resistant. (rC+)
You are immune to negative energy. (rN+++)
You are immune to unholy pain and torment.
You can survive without breathing.


Message History

The orc priest is lightly wounded.
The orc priest calls down the wrath of Beogh upon you.
Beogh smites you!
Ouch! That really hurt!
You hear a shout! x2
You see here a blowgun.
Okay, then.
An orc comes into view. It is wielding a whip.
Items here: ) [ †† a trident; a leather armour; a jackal corpse; an orc corpse
Things that are here:
a hand axe; a plate armour; an orc corpse You see here a leather armour.
You see here a club.
The orc priest mumbles some strange prayers to Beogh against you.
Beogh smites you!
* * * LOW HITPOINT WARNING * * *
The orc priest mumbles some strange prayers to Beogh against you.
Beogh smites you!
You die...

####### #.....#
######### #.....#
....>...# #.....#
........#####<....#
.............@....#
.........####.....#
........### #.....######
..........###..........#
........#o.##..........#
........##)##....o.....#
.#########.######.).#.##
#)##.[.)o###.#
#.o.o##### #.#


You could see an orc priest and an orc.

Vanquished Creatures
  A scorpion (D:3)
  An adder (D:2)
  A worm (D:2)
  A dart slug (D:1)
  2 leopard geckos
  2 orcs (D:3)
  3 giant cockroaches
  5 goblins
  15 hobgoblins
  2 jackals (D:3)
  2 quokkas
  5 bats
  4 frilled lizards
  6 kobolds
  10 rats
60 creatures vanquished.

Notes
Turn   | Place    | Note
-------+----------+-------------------------------------------
     0 | D:1      | Alarkh the Mummy Fire Elementalist began the quest for the Orb.
     0 | D:1      | Reached XP level 1. HP: 13/13 MP: 4/4
   312 | D:1      | Reached skill level 1 in Conjurations
   384 | D:1      | Reached skill level 3 in Spellcasting
   434 | D:1      | Reached XP level 2. HP: 10/19 MP: 0/6
  1225 | D:2      | Reached XP level 3. HP: 16/24 MP: 1/7
  1230 | D:2      | Learned a level 3 spell: Conjure Flame
  1234 | D:2      | Learned a level 3 spell: Inner Flame
  2201 | D:3      | Noticed a scorpion
  2203 | D:3      | Reached XP level 4. HP: 30/30 MP: 2/9
  2232 | D:3      | Reached skill level 4 in Spellcasting
  2464 | D:3      | Killed from afar by an orc priest

Vault maps used:
D:1:      dpeg_arrival_simpleton_a

Skill      XL: |  1  2  3  4 |
---------------+-------------+-----
Conjurations   | 1 2 |  2.3
Spellcasting   | 3 4 |  4.2
Fire Magic     | 3 |  3.3
Dodging        | |  1.5
Stealth        | |  1.5

Action                   |  1- 3 |  4- 6 || total
-------------------------+-------+-------++-------
Melee: Spear             |    25 |     2 ||    27
 Cast: Flame Tongue      |   112 |    20 ||   132
  Use: Scroll            |     1 |     1 ||     2
 Stab: Sleeping          |     2 |       ||     2
Armor: Robe              |    18 |       ||    18
Dodge: Dodged            |    49 |     5 ||    54
